 Dungeon Crawl Stone Soup version 0.30.1-3-gfc49f6343a (webtiles) character file.

Game seed: 10949507407313434452

72 Destapler the Digger (level 4, -3/25 HPs)
             Began as a Gargoyle Earth Elementalist on July 31, 2023.
             Slain by Crazy Yiuf
             ... wielding a +3 quarterstaff of chaos
              (4 damage)
             ... on level 3 of the Dungeon.
             The game lasted 00:13:33 (2475 turns).

Destapler the Digger (Gargoyle Earth Elementalist)  Turns: 2475, Time: 00:14:03

Health: -3/25      AC:  5    Str: 23    XL:     4   Next: 25%
Magic:  6/7        EV: 12    Int: 18    God:
Gold:   125        SH:  0    Dex: 10    Spells: 3/7 levels left

rFire   . . .        b - +0 arbalest
rCold   . . .        (shield currently unavailable)
rNeg    + . .        d - +0 robe
rPois   ∞            (no helmet)
rElec   +            (no cloak)
rCorr   .            (no gloves)
SInv    .            (no boots)
Will    .....        (no amulet)
Stlth   ++           e - +6 ring of strength
HPRegen 0.24/turn    p - +6 ring of strength
MPRegen 0.10/turn

%: no passive effects
@: no status effects
A: sickness immunity, AC +3, negative energy resistance 1, electricity
resistance, torment resistance 1, petrification resistance
a: no special abilities


You were on level 3 of the Dungeon.
You visited 1 branch of the dungeon, and saw 3 of its levels.

You collected 155 gold pieces.
You spent 30 gold pieces at shops.

Inventory:

Hand Weapons
 a - a +0 short sword
 b - a +0 arbalest (weapon)
Armour
 d - a +0 robe (worn)
Jewellery
 e - a +6 ring of strength (left hand)
 j - a ring of ice
 o - the ring of Bucvibbekke {*Corrode rPois EV+5 Str+3}
   (You found it on level 3 of the Dungeon)

   [ring of evasion]

   EV:        It affects your evasion (+5).
   Str:       It affects your strength (+3).
   rPois:     It protects you from poison.
   *Corrode:  It may corrode you when you take damage.
 p - a +6 ring of strength (right hand)
Wands
 q - a wand of charming (8)
Scrolls
 i - a scroll of teleportation
 m - a scroll of immolation {unknown}
Potions
 c - 2 potions of haste
 f - a potion of heal wounds {unknown}
 g - 4 potions of curing
 n - a potion of attraction {unknown}


   Skills:
 + Level 1.5 Fighting
 + Level 0.8 Ranged Weapons
 - Level 2.0 Dodging
 + Level 2.7 Stealth
 + Level 2.3 Spellcasting
 + Level 1.2 Conjurations
 - Level 1.0 Transmutations
 - Level 4.0 Earth Magic


You had 3 spell levels left.
You knew the following spells:

 Your Spells              Type           Power      Damage    Failure   Level
a - Sandblast             Erth           32%        2d9       3%          1
b - Stone Arrow           Conj/Erth      22%        3d8       19%         3

Your spell library contained the following spells:

 Spells                   Type           Power      Damage    Failure   Level
 Passwall                 Tmut/Erth      9%         N/A       10%         2
 Petrify                  Tmut/Erth      11%        N/A       52%         4
 Simulacrum               Ice/Necr       1%         N/A       100%        6
 Ozocubu's Refrigeration  Ice            1%         4d7       100%        7
 Polar Vortex             Ice            1%         N/A       100%        9


Dungeon Overview and Level Annotations

Branches:
Dungeon (3/15)

Altars:

Shops:
D:2 *

Annotations:
D:3 Crazy Yiuf


Innate Abilities, Weirdness & Mutations

You are immune to sickness and miasma.
Your stone body is resilient. (AC +3)
You are immune to poison.
You resist negative energy. (rN+)
You are resistant to electric shocks. (rElec)
You are resistant to unholy torment.
You are immune to petrification.


Message History

There is a stone staircase leading down here.
There is a stone staircase leading down here.
You climb downwards.
Level annotation: Crazy Yiuf
There is a stone staircase leading up here.
As you open the door, it creaks loudly!
There is an open door here.
The air fills with toxic fumes!
As you read the scroll labelled NEVOIXT CEMNI, it crumbles to dust.
It was a scroll of poison.
As you read the scroll labelled QYENUO VOYLE, it crumbles to dust.
It is a scroll of identify.
c - 2 potions of haste Unknown command.
Okay, then.
You start waiting.
Crazy Yiuf is nearby!
You shoot a bolt. The bolt closely misses Crazy Yiuf.
Crazy Yiuf shouts!
Crazy Yiuf says, "Nubble!"
You shoot a bolt. The bolt closely misses Crazy Yiuf.
You shoot a bolt. The bolt hits Crazy Yiuf!
Crazy Yiuf is heavily wounded.
Crazy Yiuf says, "Cod chair tortoise!"
You shoot a bolt. The bolt hits Crazy Yiuf.
Crazy Yiuf is severely wounded.
Casting: Sandblast (safe; 3% risk of failure)
Confirm with . or Enter, or press ? or * to list all spells.
Aiming: Sandblast (safe; 3% risk of failure)
Press: ? - help, Shift-Dir - straight line, f/p - Crazy Yiuf
Aim: Crazy Yiuf, wielding a +3 quarterstaff of chaos and wearing a +2 cloak of stealth (severely wounded, 84% to hit)
The blast of sand hits Crazy Yiuf.
Crazy Yiuf is almost dead.
Crazy Yiuf hits you with a +3 quarterstaff of chaos.
Crazy Yiuf freezes you.
Crazy Yiuf hits you with a +3 quarterstaff of chaos!
Ouch! That really hurt!
* * * LOW HITPOINT WARNING * * *
Crazy Yiuf burns you.
You die...

#.#.#..###....... ...........
####.................(........#..
.................................
####.#.##.##...#.##.....#..#..#..
####.#..................#........
.................................
####.#.##.##...#.##..............
...............[.................
................@###....#.###.#..
##...####....##g####....#.# #.#..
###### #.(..'..........#.# #.#..
#########....##.........#.# #....
.............##.####..#.#.#####..
.............##.# #..............
..........<..##.# #...#..........
#########....##.# #...#...#####..
# #....##.###...#...#####..


You could see Crazy Yiuf.

Vanquished Creatures
  Terence (D:3)
  4 endoplasms
  2 giant cockroaches
  3 goblins (D:3)
  3 hobgoblins
  6 jackals
  2 kobolds
  2 quokkas (D:1)
  6 ball pythons
  2 bats
  5 frilled lizards
  13 rats
49 creatures vanquished.

Notes
Turn   | Place    | Note
-------+----------+-------------------------------------------
     0 | D:1      | Destapler the Gargoyle Earth Elementalist began the quest
                  | for the Orb.
     0 | D:1      | Reached XP level 1. HP: 10/10 MP: 3/3
    69 | D:1      | Reached XP level 2. HP: 6/16 MP: 0/5
   234 | D:1      | Reached skill level 1 in Transmutations
   977 | D:2      | Found Temas's General Store.
   980 | D:2      | Bought a potion of curing for 30 gold pieces
   997 | D:2      | Reached XP level 3. HP: 20/20 MP: 4/6
  1447 | D:2      | Learned a level 3 spell: Stone Arrow
  1510 | D:2      | Reached skill level 4 in Earth Magic
  1801 | D:3      | Reached skill level 1 in Conjurations
  1811 | D:3      | Identified the ring of Bucvibbekke {*Corrode rPois EV+5
                  | Str+3}
  1990 | D:3      | Reached skill level 1 in Fighting
  1997 | D:3      | Noticed Terence
  2011 | D:3      | Killed Terence
  2012 | D:3      | Reached XP level 4. HP: 14/25 MP: 0/7
  2298 | D:3      | Found a runed translucent door.
  2299 | D:3      | Noticed Crazy Yiuf
  2475 | D:3      | HP: 1/25 [Crazy Yiuf/+3 quarterstaff of chaos (17)]
  2475 | D:3      | Slain by Crazy Yiuf

Illustrated notes

Levels and vault maps discovered:
D:1:      evilmike_arrival_fibonacci_small, layout_basic, serial_glass,
          glass_columns_a, glass_columns_a, minmay_rat_gold_closets
D:2:      minmay_alternating_diamond, layout_loops_ring, serial_shops,
          nicolae_shop_window_shopping
D:3:      layout_basic, serial_shops, nicolae_shop_hallway_stairs, uniq_terence,
          uniq_crazy_yiuf_cottage

Skill      XL: |  1  2  3 |
---------------+----------+-----
Transmutations | 1 |  1.0
Earth Magic    | 4 |  4.0
Conjurations   | 1 |  1.2
Fighting       | 1 |  1.5
Dodging        | 2 |  2.0
Ranged Weapons | |  0.8
Stealth        | |  2.7
Spellcasting   | |  2.3

Action                     |  1- 3 |  4- 6 || total
---------------------------+-------+-------++-------
  Melee: Unarmed           |    10 |       ||    10
         Short sword       |    12 |     2 ||    14
   Fire: Arbalest          |    23 |    17 ||    40
   Cast: Sandblast         |    38 |     7 ||    45
         Stone Arrow       |     1 |       ||     1
    Use: Potion            |     2 |     1 ||     3
         Scroll            |       |     4 ||     4
   Stab: Sleeping          |     4 |       ||     4
 Armour: Robe              |    19 |     2 ||    21
  Dodge: Dodged            |    26 |     7 ||    33
